 Dungeon Crawl Stone Soup version 0.23-a0-565-g3e74e4c (webtiles) character file.

177 MalarOregon the Poker (level 5, 0/41 HPs)
             Began as a Merfolk Gladiator on Dec 13, 2018.
             Slain by a wight
             ... wielding a +0 short sword
              (6 damage)
             ... on level 2 of the Dungeon.
             The game lasted 00:02:35 (994 turns).

MalarOregon the Poker (Merfolk Gladiator)            Turns: 994, Time: 00:02:36

Health: 0/41       AC:  4    Str: 14    XL:     5   Next: 57%
Magic:  5/5        EV: 14    Int: 10    God:
Gold:   42         SH:  0    Dex: 16    Spells: 4/4 levels left

rFire    . . .     SeeInvis .   a - +0 trident
rCold    . . .     Gourm    .   (no shield)
rNeg     . . .     Faith    .   b - +0 leather armour
rPois    +         Spirit   .   c - +0 helmet
rElec    .         Reflect  .   (no cloak)
rCorr    .         Harm     .   (no gloves)
MR       .....                  (no boots)
Stlth    +.........             (no amulet)
HPRegen  0.13/turn              n - ring of poison resistance
MPRegen  0.09/turn              p - +2 ring of intelligence

@: drained
A: change form in water, swift swim, stealthy swim
a: no special abilities


You were on level 2 of the Dungeon.
You were hungry.

You visited 1 branch of the dungeon, and saw 2 of its levels.

You collected 42 gold pieces.

Inventory:

Hand Weapons
 a - a +0 trident (weapon)
Missiles
 d - 3 throwing nets {!f}
 h - 23 stones (quivered)
Armour
 b - a +0 leather armour (worn)
 c - a +0 helmet (worn)
Jewellery
 i - an uncursed ring of protection from fire
   (You found it on level 1 of the Dungeon)
 n - a ring of poison resistance (left hand)
   (You found it on level 1 of the Dungeon)
 p - a +2 ring of intelligence (right hand)
   (You found it on level 1 of the Dungeon)
Scrolls
 g - 2 scrolls of identify {unknown}
 l - a scroll of remove curse {unknown}
 m - a scroll of enchant weapon {unknown}
 o - a scroll of teleportation {unknown}
Potions
 f - a potion of might {unknown}
 j - a potion of agility {unknown}
 k - a potion of flight {unknown}
 q - a potion of ambrosia {unknown}
 s - a potion of lignification {unknown}
Comestibles
 e - 4 rations {!d}
 r - 3 chunks of flesh


   Skills:
 + Level 3.4(3.0) Fighting
 + Level 5.5(5.1) Polearms
 + Level 3.0(2.6) Throwing
 + Level 1.4(1.0) Armour
 + Level 5.0(4.6) Dodging


You had 4 spell levels left.
You didn't know any spells.
Your spell library was empty.

Dungeon Overview and Level Annotations

Branches:
Dungeon (2/15)

Altars:


Message History

Things that are here:
a +0 short sword; a +0 robe You hit the wight.
The wight hits you but does no damage.
You closely miss the wight. The wight barely misses you.
You hit the wight. The wight hits you but does no damage.
You hit the wight. The wight closely misses you.
You hit the wight.
You destroy the wight!
Your base Throwing skill increases to level 3!
Your base Dodging skill increases to level 5!
Things that are here:
a +1 spear; a +0 robe 2 wights come into view.
There are monsters nearby!
Attack whom?
Aim: a wight, wielding a +0 short sword and wearing a +0 robe You reach to attack!
You barely miss the wight. You closely miss the wight.
The wight hits you with a +0 short sword.
* * * LOW HITPOINT WARNING * * *
You closely miss the wight. The wight barely misses you.
You hit the wight but do no damage. The wight barely misses you.
You hit the wight but do no damage. The wight closely misses you.
You hit the wight but do no damage.
The wight hits you with a +0 short sword!
* * * LOW HITPOINT WARNING * * *
You hit the wight. The wight closely misses you.
You hit the wight but do no damage. The wight completely misses you.
You barely miss the wight. The wight closely misses you.
You hit the wight but do no damage.
The wight hits you with a +0 short sword.
* * * LOW HITPOINT WARNING * * *
You hit the wight but do no damage. The wight closely misses you.
You hit the wight but do no damage. The wight closely misses you.
You hit the wight but do no damage. The wight misses you.
You puncture the wight! The wight barely misses you.
You closely miss the wight.
You are feeling hungry.
The wight closely misses you.
You barely miss the wight. The wight closely misses you.
You closely miss the wight. The wight closely misses you.
You hit the wight but do no damage.
The wight hits you with a +0 short sword.
* * * LOW HITPOINT WARNING * * *
You feel drained.
* * * LOW HITPOINT WARNING * * *
You hit the wight but do no damage. The wight misses you.
You hit the wight.
The wight hits you with a +0 short sword.
You die...

#†#...######## #
#.$........#.# #
##(#...####.<#.##
((†##.## #.###..
((#.# #.# #..#.##
..# #.# #.#
#.#.### #.## #.#
#.#####.#.# #
#....###.###.#..
..### .
#..zz@.....#.#####
. #..###.#####.###
. #>.............#
#.####.))....#.#
######..#.####
######).#....#
.............#
######..######
#..#


You could see 2 wights.

Vanquished Creatures
  2 wights (D:2)
  Jessica (D:1)
  3 adders
  An ooze (D:2)
  2 worms (D:2)
  A leopard gecko (D:1)
  5 bats
  A giant cockroach (D:1)
  4 goblins (D:2)
  4 hobgoblins
  4 jackals (D:2)
  6 kobolds
  3 rats (D:1)
37 creatures vanquished.

Notes
Turn   | Place    | Note
-------+----------+-------------------------------------------
     0 | D:1      | MalarOregon the Merfolk Gladiator began the quest for the
                  | Orb.
     0 | D:1      | Reached XP level 1. HP: 16/16 MP: 1/1
    99 | D:1      | Reached XP level 2. HP: 23/23 MP: 2/2
   508 | D:2      | Noticed Jessica
   514 | D:1      | Killed Jessica
   514 | D:1      | Reached XP level 3. HP: 28/28 MP: 3/3
   593 | D:2      | Reached skill level 5 in Polearms
   614 | D:2      | Reached XP level 4. HP: 34/34 MP: 4/4
   633 | D:2      | Reached skill level 1 in Armour
   963 | D:2      | Reached XP level 5. HP: 24/41 MP: 5/5
   970 | D:2      | Reached skill level 5 in Dodging
   994 | D:2      | Slain by a wight

Vault maps used:
D:1:      enne_arrival_octagon_isle, fountainhead
D:2:      moated_statue, small_statue_intersection, hangedman_decor_slide_cut,
          okawaru_ov_weapons_minmay, uniq_jessica

Skill      XL: |  1  2  3  4  5 |
---------------+----------------+-----
Polearms       | 5 |  5.5
Armour         | 1 |  1.4
Fighting       | 3 |  3.4
Throwing       | 3 |  3.0
Dodging        | 5 |  5.0

Action                   |  1- 3 |  4- 6 || total
-------------------------+-------+-------++-------
Melee: Trident           |    59 |    86 ||   145
Throw: Stone             |    15 |    13 ||    28
Armor: Leather armour    |    13 |     6 ||    19
Dodge: Dodged            |    37 |    52 ||    89

Table legend:
 A = Non-vault XP
 B = Vault XP
 C = Vault XP percentage of total XP
 D = Non-vault monster count
 E = Vault monster count
 F = Vault count percentage of total count
                 A         B        C        D         E       F
            +---------+---------+-------+---------+---------+-------
      Total |     217 |      37 |  14.6 |      36 |       1 |   2.7
            +---------+---------+-------+---------+---------+-------
        D:1 |      35 |      37 |  51.4 |      15 |       1 |   6.2
        D:2 |     182 |       0 |   0.0 |      21 |       0 |   0.0
            +---------+---------+-------+---------+---------+-------
